 Dungeon Crawl Stone Soup version 0.22-a0-407-gb098539 (console) character file.

15023 EnigmaMistress the Cleaver (level 11, -1/90 HPs)
             Began as a Demigod Wanderer on May 9, 2018.
             Killed from afar by a molten gargoyle (24 damage)
             ... with a bolt of magma
             ... in a volcano.
             The game lasted 00:33:34 (18376 turns).

EnigmaMistress the Cleaver (Demigod Wanderer)      Turns: 18376, Time: 00:33:35

Health: -1/90      AC: 14    Str: 27    XL:     11   Next: 65%
Magic:  0/14       EV:  9    Int: 17    God:
Gold:   619        SH:  0    Dex: 13    Spells: 10/10 levels left

rFire    + . .     SeeInvis .   b - +0 hand axe (elec)
rCold    x . .     Gourm    .   (no shield)
rNeg     . . .     Faith    .   A - +0 chain mail
rPois    .         Spirit   +   k - +0 helmet
rElec    .         Reflect  .   s - scarf {Spirit}
rCorr    .         Harm     .   (no gloves)
MR       +....                  r - +1 pair of boots
Stlth    ..........             (no amulet)
HPRegen  0.25/turn              y - ring of wizardry
MPRegen  0.14/turn              C - ring of fire

@: mighty, drained
A: high mp 1
a: no special abilities


You were in a volcano.
You were not hungry.

You visited 2 branches of the dungeon, and saw 12 of its levels.
You also visited: Volcano.

You collected 619 gold pieces.

Inventory:

Hand Weapons
 a - a +2 dagger
 b - a +0 hand axe of electrocution (weapon)
 c - a +0 hand axe of flaming
 v - a +0 hunting sling
Missiles
 g - 291 stones (quivered)
Armour
 e - a +0 robe
 k - a +0 helmet (worn)
 r - a +1 pair of boots (worn)
 s - a scarf of spirit shield (worn)
 A - a +0 chain mail (worn)
Jewellery
 y - a ring of wizardry (left hand)
 C - a ring of fire (right hand)
Wands
 i - a wand of acid (1)
 F - a wand of random effects (38)
Scrolls
 h - 3 scrolls of remove curse
 m - 2 scrolls of immolation
 o - 9 scrolls of teleportation
 p - a scroll of fear
 q - a scroll of enchant armour
 w - a scroll of blinking
 D - a scroll of identify
Potions
 d - 9 potions of curing
 j - a potion of flight
 l - a potion of heal wounds
 n - a potion of might
 t - a potion of resistance
 u - a potion of haste
 x - a potion of ambrosia
 z - a potion of mutation
 B - a potion of brilliance
Comestibles
 f - 22 rations


   Skills:
 + Level 6.3(5.8) Fighting
 - Level 1.7(1.2) Short Blades
 - Level 14.0(13.3) Axes
 - Level 1.0(0.5) Throwing
 + Level 8.3(7.7) Armour
 - Level 1.7(1.2) Dodging
 - Level 1.7(1.2) Stealth
 - Level 1.7(1.2) Unarmed Combat


You had 10 spell levels left.
You didn't know any spells.

Dungeon Overview and Level Annotations

Branches:
Dungeon (10/15)            Temple (0/1) D:7            Lair (2/6) D:8
  Swamp: Lair:2-4    Shoals: Lair:2-4     Snake: Lair:2-4    Spider: Lair:2-4
    Orc: D:9-12

Annotations:
D:9 Erolcha; porpoise's ghost, journeyman DsGl
D:10 Psyche


Innate Abilities, Weirdness & Mutations

You have an increased reservoir of magic. (+10% MP)


Message History

The bolt of magma hits you! You partially resist.
You hit the molten gargoyle but do no damage.
The molten gargoyle is moderately damaged.
You hit the molten gargoyle.
The molten gargoyle is moderately damaged.
The molten gargoyle blasts magma at you!
The bolt of magma hits you! You partially resist.
* * * LOW HITPOINT WARNING * * *
You hit the molten gargoyle.
The molten gargoyle is moderately damaged.
The molten gargoyle blasts magma at you!
The bolt of magma misses you.
Unknown command.
You closely miss the molten gargoyle.
The molten gargoyle is moderately damaged.
You hit the molten gargoyle but do no damage.
The molten gargoyle is moderately damaged.
The molten gargoyle blasts magma at you!
The bolt of magma hits you! You partially resist.
You die...

##....≈≈ ##....§≈≈
### ###.....§§≈
###..#.##....≈≈≈§§
#..[$).##...§≈≈≈≈≈
#..$!$c##....≈§§§≈
#c.$$[.##....≈§≈≈≈
#9# ##....§≈≈≈
#@###### ###...≈≈≈
###.##...## ##....≈≈
#.8.)#..(.###8.....≈
#._.)'(∩..)........≈
#.8.)#....###8.....≈
###.##...## ###.....
#.###### ##.... #+#
####. ##


You could see a yaktaur and a molten gargoyle.

Vanquished Creatures
  2 hydras
  Erica (D:9)
  A centaur warrior (Volcano)
  A two-headed ogre (D:8)
  The ghost of mibe the Summoner, a novice DsSu of Uskayaw (D:8)
  The ghost of anubisbafoobis the Thaumaturge, a novice GnWz of Sif Muna (D:7)
  A cyclops (D:8)
  Joseph (D:8)
  A black mamba (Lair:1)
  An eye of devastation (D:8)
  A spiny frog (Lair:1)
  A yaktaur (Volcano)
  A komodo dragon (Lair:1)
  2 dream sheep (D:8)
  4 hippogriffs
  Sigmund (D:3)
  6 fire bats (Volcano)
  3 yaks
  2 water moccasins
  An acid dragon (D:8)
  6 porcupines
  An orc warrior (D:8)
  2 necrophages
  5 ogres
  A black bear (D:9)
  2 wolves (Lair:2)
  7 centaurs
  2 phantoms
  A crocodile (D:9)
  3 big kobolds (D:8)
  9 bullfrogs
  A gnoll sergeant (D:8)
  A wyvern skeleton (D:8)
  6 killer bees
  2 scorpions (D:8)
  5 wights
  2 howler monkeys (D:8)
  2 bullfrog zombies
  3 crimson imps
  8 lava snakes (Volcano)
  A centaur zombie (D:7)
  2 quasits (D:8)
  3 orc priests
  8 hounds
  A centaur skeleton (D:8)
  2 jellies
  10 orc wizards
  2 iguanas
  13 worker ants
  A howler monkey zombie (D:10)
  7 adders
  8 gnolls
  2 shadow imps
  An ooze (D:3)
  An adder zombie (D:8)
  4 adder skeletons
  4 worms
  2 dart slugs (D:1)
  8 leopard geckos
  26 orcs
  A ball python (D:3)
  7 giant cockroaches
  16 hobgoblins
  8 jackals
  2 quokkas
  3 bats
  A frilled lizard (D:1)
  8 goblins
  A jackal zombie (D:9)
  6 kobolds
  8 rats
  A fungus (D:8)
  2 plants (D:8)
272 creatures vanquished.

Vanquished Creatures (others)
  A centaur (D:9)
  11 fungi
  7 plants (D:8)
19 creatures vanquished.

Grand Total: 291 creatures vanquished

Notes
Turn   | Place    | Note
-------+----------+-------------------------------------------
     0 | D:1      | EnigmaMistress the Demigod Wanderer began the quest for the Orb.
     0 | D:1      | EnigmaMistress set off with: a +2 dagger, a scroll of fear, a potion of lignification, a potion of curing, a +0 robe, a ration
     0 | D:1      | Reached XP level 1. HP: 16/16 MP: 3/3
   376 | D:1      | Reached XP level 2. HP: 18/24 MP: 4/4
  1294 | D:2      | Found a radiant altar of Vehumet.
  1319 | D:2      | Reached XP level 3. HP: 30/30 MP: 5/5
  2606 | D:3      | Noticed Sigmund
  3274 | D:3      | Reached XP level 4. HP: 33/38 MP: 6/6
  3280 | D:2      | Reached skill level 1 in Axes
  3740 | D:3      | Found a basalt altar of Yredelemnul.
  4360 | D:4      | Reached skill level 2 in Axes
  4360 | D:4      | Reached XP level 5. HP: 39/46 MP: 7/7
  4413 | D:4      | Noticed an ogre
  4423 | D:4      | Reached skill level 3 in Axes
  5493 | D:4      | Noticed an ogre
  5745 | D:5      | Entered Level 5 of the Dungeon
  5764 | D:5      | Reached XP level 6. HP: 48/52 MP: 8/8
  5832 | D:5      | Reached skill level 4 in Axes
  5832 | D:5      | Reached skill level 1 in Armour
  6006 | D:5      | Found an iron altar of Okawaru.
  6315 | D:5      | Reached XP level 7. HP: 59/59 MP: 9/9
  6547 | D:4      | Reached skill level 5 in Axes
  6873 | D:5      | Noticed a moth of wrath
  6876 | D:5      | Found a bloodstained altar of Trog.
  7560 | D:6      | Reached skill level 6 in Axes
  7665 | D:6      | Reached XP level 8. HP: 47/66 MP: 7/10
  7853 | D:6      | Reached skill level 5 in Armour
  8006 | D:6      | Found a deep blue altar of Sif Muna.
  8302 | D:7      | Reached skill level 7 in Axes
  8423 | D:7      | Noticed anubisbafoobis's ghost (novice GnWz)
  8455 | D:7      | Killed anubisbafoobis's ghost
  8455 | D:7      | Reached skill level 8 in Axes
  8568 | D:7      | Reached skill level 9 in Axes
  8590 | D:7      | Reached XP level 9. HP: 71/71 MP: 11/11
  8793 | D:7      | Found a staircase to the Ecumenical Temple.
  8808 | D:7      | Found a snail-covered altar of Cheibriados.
  9298 | D:8      | Noticed a cyclops
  9489 | D:8      | Killed a cyclops
  9489 | D:8      | Reached skill level 10 in Axes
  9884 | D:8      | Reached skill level 11 in Axes
  9934 | D:8      | Noticed a two-headed ogre
 10286 | D:3      | Killed Sigmund
 10604 | D:8      | Noticed mibe's ghost (novice DsSu)
 10680 | D:8      | Noticed an eye of devastation
 10680 | D:8      | a two-headed ogre changed into an eye of devastation
 11231 | D:8      | Noticed Joseph
 11260 | D:8      | Killed Joseph
 11278 | D:8      | Killed mibe's ghost
 11278 | D:8      | Reached skill level 12 in Axes
 11278 | D:8      | Reached XP level 10. HP: 64/78 MP: 2/13
 11482 | D:8      | Noticed a deep elf mage
 11872 | D:8      | Found a staircase to the Lair.
 12183 | D:8      | Found a blossoming altar of Fedhas.
 12453 | D:8      | Noticed a two-headed ogre
 12485 | D:8      | Killed a two-headed ogre
 12698 | D:8      | Reached skill level 13 in Axes
 12746 | D:8      | Noticed a three-headed hydra
 12774 | D:8      | Killed a one-headed hydra
 13003 | D:9      | Noticed Erolcha
 13209 | D:9      | Noticed porpoise's ghost (journeyman DsGl)
 13262 | Lair:1   | Entered Level 1 of the Lair of Beasts
 13647 | Lair:1   | Noticed a black mamba
 14524 | D:9      | Noticed a two-headed ogre
 14814 | D:9      | Found a hide-covered altar of Uskayaw.
 15083 | D:9      | Noticed Erica
 15225 | D:10     | Entered Level 10 of the Dungeon
 15531 | D:9      | Killed Erica
 15531 | D:9      | Reached XP level 11. HP: 30/84 MP: 4/14
 16112 | D:10     | Noticed Psyche
 16264 | Lair:1   | Reached skill level 14 in Axes
 17303 | Lair:1   | Noticed a seven-headed hydra
 17320 | Lair:1   | Killed a one-headed hydra
 17320 | Lair:1   | Reached skill level 5 in Fighting
 17707 | Lair:2   | Found a dark tunnel.
 17713 | Volcano  | Entered a volcano
 18349 | Volcano  | Found a burning altar of Makhleb.
 18349 | Volcano  | Noticed a centaur warrior
 18361 | Volcano  | Killed a centaur warrior
 18376 | Volcano  | Killed from afar by a molten gargoyle

Vault maps used:
D:1:      minmay_arrival_semitransparent
D:2:      old_standard_altar, serial_co_window_serial, co_window_cross_1,
          co_window_corner_a, co_window_of_opportunity_a,
          co_window_of_opportunity_a, co_window_of_opportunity_a,
          co_window_unsneaky_path_e, co_window_of_opportunity_b,
          co_window_corner_b, co_window_corner_b, co_window_4corner_a,
          co_window_paths_d, glass_columns_b, glass_columns_b, glass_columns_a,
          glass_columns_a
D:3:      cheibrodos_greedy_goblins, old_standard_altar, st_stairs_14,
          minmay_quantized, uniq_sigmund
D:4:      serial_forest, infiniplex_forest_clump_curved,
          infiniplex_forest_straight_3, infiniplex_forest_clump_tiny,
          infiniplex_forest_lined_1, infiniplex_forest_clump_small,
          infiniplex_forest_clump_diagonal, minmay_misc_feat_secret_circle,
          hangedman_abyss_or_decor_lesser_grid, st_stairs_7
D:5:      lemuel_ice_spiral_2, nicolae_overflow_hidden_temple, tgw_trog,
          first_ration
D:6:      led_sif_pool
D:7:      minmay_temple_entry_statues, basic_altar
D:8:      overflow_temple_1_default, grunt_lair_entry_orc_guard_hut,
          hangedman_ranch, guppyfry_early_elven_hall, uniq_joseph
D:9:      nicolae_whirlpool, old_standard_altar, nicolae_elemental_shop,
          uniq_erolcha, uniq_erica
D:10:     uniq_psyche
Lair:1:   st_stairs_4
Lair:2:   nicolae_spider_entry_orb_guardian, nicolae_volcano_entry_s_turn,
          grunt_megastairs_2, infiniplex_staircase_pool, lemuel_fruit_tree
Volcano:  volcano_grotto

Skill      XL: |  1  2  3  4  5  6  7  8  9 10 11 |
---------------+----------------------------------+-----
Fighting       | 2 3 4 6 |  6.3
Axes           | 2 3 4 6 9 12 13 14 | 14.0
Armour         | 2 4 5 6 8 |  8.3
Short Blades   | |  1.7
Throwing       | |  1.0
Dodging        | |  1.7
Stealth        | |  1.7
Unarmed Combat | |  1.7

Action                   |  1- 3 |  4- 6 |  7- 9 | 10-12 || total
-------------------------+-------+-------+-------+-------++-------
Melee: Dagger            |    53 |       |       |       ||    53
       Hand axe          |    34 |   135 |   376 |   534 ||  1079
       Punch             |       |     1 |       |     3 ||     4
       Unarmed           |       |       |     5 |       ||     5
 Fire: Hunting sling     |    51 |     2 |       |       ||    53
Throw: Stone             |    21 |     1 |       |       ||    22
Evoke: Wand              |       |       |     4 |     9 ||    13
  Use: Scroll            |       |    12 |     1 |     7 ||    20
       Potion            |       |       |     2 |     6 ||     8
 Stab: Sleeping          |     1 |     2 |       |       ||     3
       Confused          |       |       |     2 |       ||     2
  Eat: Chunk             |     7 |     6 |    15 |    15 ||    43
       Ration            |       |     1 |     1 |     2 ||     4
Armor: Robe              |    19 |    13 |       |       ||    32
       Chain mail        |       |    40 |   157 |   258 ||   455
       Skin              |       |       |    48 |     8 ||    56
Dodge: Dodged            |    81 |    80 |   112 |   178 ||   451

Table legend:
 A = Spawn XP
 B = Non-spawn XP
 C = Spawn XP percentage of total XP
 D = Spawn monster count
 E = Non-spawn monster count
 F = Spawn count percentage of total count
 G = Total turns spent on level
                    A         B        C        D         E        F      G
               +---------+---------+-------+---------+---------+-------+---------
         Total |       0 |   21462 |   0.0 |       0 |     269 |   0.0 | 18376
               +---------+---------+-------+---------+---------+-------+---------
           D:1 |       0 |      34 |   0.0 |       0 |      16 |   0.0 |  1136
           D:2 |       0 |      42 |   0.0 |       0 |      11 |   0.0 |  1896
           D:3 |       0 |     373 |   0.0 |       0 |      38 |   0.0 |  1884
           D:4 |       0 |     369 |   0.0 |       0 |      11 |   0.0 |  1400
           D:5 |       0 |     526 |   0.0 |       0 |      26 |   0.0 |  1218
           D:6 |       0 |    1023 |   0.0 |       0 |      27 |   0.0 |  1220
           D:7 |       0 |    2034 |   0.0 |       0 |      30 |   0.0 |  1611
           D:8 |       0 |    7759 |   0.0 |       0 |      51 |   0.0 |  4200
           D:9 |       0 |    1546 |   0.0 |       0 |      16 |   0.0 |  1176
          D:10 |       0 |     536 |   0.0 |       0 |      10 |   0.0 |    93
        Lair:1 |       0 |    3326 |   0.0 |       0 |      10 |   0.0 |  1699
        Lair:2 |       0 |     778 |   0.0 |       0 |       5 |   0.0 |   180
       Volcano |       0 |    3116 |   0.0 |       0 |      18 |   0.0 |   663
               +---------+---------+-------+---------+---------+-------+---------
